 Dungeon Crawl Stone Soup version 0.20.0-1-g1cb1d84 (webtiles) character file.

68 Monsterracer the Slasher (level 4, -2/35 HPs)
             Began as a Formicid Abyssal Knight on May 27, 2017.
             Was a Believer of Lugonu.
             Slain by a worker ant (5 damage)
             ... on level 2 of the Dungeon.
             The game lasted 00:03:58 (2436 turns).

Monsterracer the Slasher (Formicid Abyssal Knight)  Turns: 2436, Time: 00:03:59

Health: -2/35      AC:  3    Str: 17    XL:     4   Next: 41%
Magic:  0/5        EV: 11    Int: 11    God:    Lugonu [**....]
Gold:   63         SH:  0    Dex: 11    Spells: 3/3 levels left

rFire    . . .     SeeInvis +   a - +1 falchion
rCold    . . .     Gourm    .   (no shield)
rNeg     . . .     Faith    .   b - +0 leather armour
rPois    .         Spirit   +   (helmet unavailable)
rElec    .         Reflect  .   (no cloak)
rCorr    .         Harm     .   (no gloves)
MR       .....                  (no boots)
Stlth    +.........             e - amulet of guardian spirit
Regen    0.2/turn               l - ring of wizardry
MPRegen  0.1/turn               (no ring)

@: lethally poisoned (-2 -> -7)
A: permanent stasis, dig shafts and tunnels, four strong arms, antennae 3
a: Dig, Shaft Self, Depart the Abyss, Bend Space, Renounce Religion


You were on level 2 of the Dungeon.
You worshipped Lugonu.
Lugonu was pleased with you.
You were near starving.

You visited 1 branch of the dungeon, and saw 3 of its levels.
You visited the Abyss 1 time.

You collected 63 gold pieces.

Inventory:

Hand Weapons
 a - a +1 falchion (weapon)
 k - a +0 rapier
Armour
 b - a +0 leather armour (worn)
Jewellery
 e - an amulet of guardian spirit (around neck)
 l - a ring of wizardry (left hand)
Scrolls
 g - 3 scrolls of remove curse
 i - 3 scrolls of identify {unknown}
 m - a scroll of teleportation {unknown}
Comestibles
 c - 2 bread rations
 f - a meat ration
 j - a fruit


   Skills:
 - Level 3.2 Fighting
 + Level 4.3 Long Blades
 - Level 2.1 Armour
 - Level 0.8 Dodging
 - Level 2.1 Invocations


You had 3 spell levels left.
You didn't know any spells.

Dungeon Overview and Level Annotations

Branches:
Dungeon (3/15)

Altars:
Cheibriados

Annotations:
D:3 DogShitOnMyToe's ghost, amateur DECj


Innate Abilities, Weirdness & Mutations

You cannot be hasted, slowed, berserked, paralysed or teleported.
You can dig through walls and to a lower floor.
Your four strong arms can wield two-handed weapons with a shield.
You have a pair of large antennae on your head. (SInv)


Message History

The kobold closely misses you.
You riposte.
You slash the kobold!
You kill the kobold!
Lugonu accepts your kill.
Unknown command.
The worker ant bites you.
* * * LOW HITPOINT WARNING * * *
The kobold barely misses you.
You see here a kobold corpse.
You feel better. The worker ant bites you.
* * * LOW HITPOINT WARNING * * *
You are lethally poisoned!
The worker ant poisons you! The kobold closely misses you.
There are no objects that can be picked up here. a kobold corpse
* * * LOW HITPOINT WARNING * * *
You feel sick. The kobold completely misses you.
* * * LOW HITPOINT WARNING * * *
You feel sick. The worker ant bites you.
You die...

#.##......# ##.##.# #.#.##
#.##.####### #..#.# #.#..#
#.##.......# ##.#.# #.#.##
##.#####....# #.#.# #.....
.......#....# #...##### ###.##
.......#....## ##..#...# #.#
.......#.....# #..#...# #.#
.......##....######..#...#####.#
.......##.......@aK†>#.(.'.....#
..≈≈≈..##.....########...#######
.≈≈≈≈≈###.....# #...#
.≈≈.≈≈_#####..# #...# .≈≈≈≈≈##
#..# ##.## ..≈≈≈##
#..#########.# .)..##
#..##......#.# ....#
#..##......#.# ....#
#..##......#.#


You could see a worker ant and a kobold.

Vanquished Creatures
  An ooze (D:1)
  2 worms
  3 dart slugs
  2 leopard geckos
  A ball python (D:1)
  7 bats
  2 giant cockroaches
  6 goblins
  5 hobgoblins
  10 frilled lizards
  7 kobolds
  7 rats
53 creatures vanquished.

Notes
Turn   | Place    | Note
-------+----------+-------------------------------------------
     0 | Abyss:1  | Monsterracer the Formicid Abyssal Knight began the quest for the Orb.
     0 | Abyss:1  | Reached XP level 1. HP: 18/18 MP: 2/2
    24 | D:1      | Escaped the Abyss
   100 | D:1      | Reached XP level 2. HP: 21/24 MP: 3/3
   365 | D:1      | Reached skill level 3 in Long Blades
   508 | D:1      | Reached ** piety under Lugonu
   526 | D:1      | Reached XP level 3. HP: 26/29 MP: 2/4
  1429 | D:2      | Reached skill level 4 in Long Blades
  1429 | D:2      | Reached XP level 4. HP: 35/35 MP: 5/5
  1466 | D:2      | Found a snail-covered altar of Cheibriados.
  1684 | D:2      | You fall through a shaft!
  1689 | D:3      | Noticed DogShitOnMyToe's ghost (amateur DECj)
  2436 | D:2      | Slain by a worker ant

Skill      XL: |  1  2  3 |
---------------+----------+-----
Long Blades    | 3 4 |  4.3
Fighting       | |  3.2
Armour         | |  2.1
Dodging        | |  0.8
Invocations    | |  2.1

Action                   |  1- 3 |  4- 6 || total
-------------------------+-------+-------++-------
Melee: Falchion          |   123 |    39 ||   162
  Use: Potion            |     4 |     4 ||     8
       Scroll            |       |     1 ||     1
  Eat: Chunk             |     2 |     1 ||     3
Armor: Leather armour    |    39 |    12 ||    51
Dodge: Dodged            |    99 |    35 ||   134
       Rpst.: Falchion   |    25 |    12 ||    37
